Map: Abyssal Reef LE

Players

Elazer

  • Race: Zerg Zerg
  • Spawn Location: 11:00

Snute - Winner!

  • Race: Zerg Zerg
  • Spawn Location: 5:00

Event: WCS Valencia 2017

VOD

Have the link to the VOD?

Description

Time

  • Played on: July 15, 2017, 2:07 p.m.
  • Length: 7:44

All games in this series

Show
View Real Time Build Order
Export as new Build Order

Elazer Zerg 

Build Orders: Hatch First 

Get SALT Encoding   

  12  0:00  Drone  
  13  0:12  Overlord  
  13  0:16  Drone  
  14  0:30  Drone x2  
  14  0:34  Drone  
  17  0:51  Hatchery  
  17  0:54  Drone  
  17  0:56  Drone  
  18  1:08  Extractor  
  17  1:12  Spawning Pool  
  17  1:15  Drone  
  17  1:17  Drone  
  18  1:27  Drone  
  19  1:44  Overlord  
  19  1:58  Queen  
  19  1:59  Zergling x2  
  22  2:02  Zergling x2  
  22  2:03  Queen, Zergling x2  
  22  2:08  Metabolic Boost  
  26  2:20  Spine Crawler  
  26  2:22  Zergling x4  
  27  2:34  Queen  
  29  2:37  Overlord  
  29  2:41  Queen  
  31  2:48  Overlord  
  31  2:52  Drone  
  31  2:56  Drone  
  33  2:59  Drone x2  
  33  3:05  Drone  
  35  3:06  Drone  
  35  3:11  Drone  
  35  3:12  Drone  
  38  3:19  Overlord  
  38  3:23  Zergling x4  
  38  3:24  Zergling x2  
  41  3:37  Zergling x4  
  41  3:38  Zergling x4  
  45  3:45  Overlord  
  45  3:46  Drone x3  
  46  3:56  Drone x3  
  46  3:57  Drone  
  46  4:01  Drone  
  51  4:06  Lair  
  51  4:14  Evolution Chamber, Overlord  
  50  4:23  Drone x3  
  48  4:30  Drone  
  49  4:32  Drone, Overlord  
  49  4:33  Drone x2  
  51  4:42  Queen  
  52  4:46  Roach Warren, Overlord  
  52  4:48  Extractor  
  52  4:50  Extractor, Zerg Missile Weapons Level 1  
  49  5:08  Overlord  
  49  5:20  Hatchery  
  49  5:21  Overseer  
  48  5:25  Glial Reconstitution  
  48  5:26  Roach x4  
  56  5:32  Roach x2  
  56  5:35  Roach  
  62  5:44  Roach x3  
  62  5:47  Overlord  
  62  5:48  Roach  
  70  5:54  Roach x2  
  75  5:57  Roach  
  75  6:04  Roach x2  
  79  6:15  Roach x4  
  79  6:18  Overlord  
  86  6:23  Roach  
  86  6:24  Roach  
  90  6:26  Zergling x2  
  90  6:28  Zergling x2  
  90  6:30  Ravager  
  94  6:32  Zergling x2  
  94  6:35  Zergling x4  
  94  6:39  Ravager  
  97  6:45  Zergling x2  
  97  6:46  Zergling x2  
  99  6:49  Ravager  
  99  6:51  Queen  
  98  7:06  Roach x2  
  85  7:10  Zergling x8  
  85  7:12  Ravager  
  78  7:16  Zergling x2  
  78  7:21  Ravager  
  78  7:22  Ravager  
  74  7:24  Zergling x2  
  74  7:26  Ravager  
Show
View Real Time Build Order
Export as new Build Order

Snute Zerg - Winner!

Build Orders: Pool First 

Get SALT Encoding   

  12  0:00  Drone  
  13  0:12  Overlord  
  13  0:16  Drone  
  14  0:30  Drone x2  
  14  0:34  Drone  
  17  0:40  Extractor  
  16  0:45  Drone  
  16  0:49  Spawning Pool  
  16  0:55  Drone  
  17  1:06  Drone  
  18  1:20  Hatchery  
  17  1:36  Queen, Zergling x2  
  20  1:40  Metabolic Boost  
  20  1:48  Overlord  
  20  1:51  Zergling x2  
  21  1:54  Drone  
  22  2:06  Drone  
  23  2:11  Queen, Drone  
  26  2:21  Drone  
  27  2:32  Drone  
  27  2:33  Drone  
  29  2:39  Baneling Nest  
  29  2:43  Zergling x2  
  29  2:45  Zergling x2  
  29  2:46  Zergling x4  
  29  2:51  Queen  
  32  2:53  Overlord  
  32  2:57  Zergling x2  
  34  3:04  Overlord  
  34  3:08  Drone  
  35  3:17  Zergling x2  
  35  3:19  Drone x2  
  38  3:25  Drone x3  
  41  3:33  Drone  
  42  3:36  Drone x2  
  42  3:37  Drone  
  45  3:42  Baneling x2  
  45  3:44  Overlord  
  44  3:52  Drone x2  
  44  3:53  Drone  
  44  3:56  Hatchery  
  44  4:02  Zergling x6  
  46  4:03  Zergling x2  
  46  4:08  Evolution Chamber  
  46  4:20  Baneling x2  
  46  4:22  Drone x2  
  46  4:23  Drone x4  
  51  4:27  Extractor, Drone  
  51  4:31  Drone x3  
  53  4:36  Drone  
  54  4:40  Lair, Drone x2  
  54  4:41  Drone  
  56  4:47  Roach Warren  
  56  4:48  Drone  
  56  4:51  Extractor, Overlord  
  55  4:55  Drone  
  55  4:57  Overlord  
  56  5:07  Overlord x2  
  56  5:14  Overlord x2  
  55  5:23  Overlord  
  55  5:28  Queen  
  55  5:30  Roach x5  
  55  5:33  Roach  
  68  5:40  Unknown  
  68  5:42  Overlord  
  68  5:44  Roach  
  70  5:50  Drone  
  70  5:51  Drone x4  
  70  5:54  Drone  
  75  6:11  Roach x8  
  91  6:13  Roach  
  91  6:16  Roach  
  93  6:18  Roach  
  93  6:19  Roach x2  
  93  6:21  Roach  
  93  6:22  Roach x2  
  93  6:24  Ravager x2  
  107  6:28  Roach  
  107  6:29  Overlord  
  107  6:32  Roach  
  111  6:35  Overlord  
  111  6:39  Roach x2  
  115  6:45  Roach  
  115  6:46  Roach  
  119  6:48  Roach  
  119  6:49  Zergling x8  
  119  6:50  Zergling x2  
  119  7:03  Roach x5  
  103  7:09  Roach  
  103  7:10  Roach  
  87  7:16  Zergling x6  
  87  7:17  Zergling x10  
  87  7:21  Roach  
Tags
 
Add a new tag
Caveats
  • Supply blocks, unpowered buildings, or Contaminate may cause inaccurate times.
  • Supply counts are checked every 10 seconds.